Map: Inside and Out

Players

ShaDoWn

  • Race: Protoss Protoss
  • Spawn Location: 7:00

Kelazhur - Winner!

  • Race: Terran Terran
  • Spawn Location: 1:00

Event: DreamHack SC2 Masters 2022 Atlanta (Offline)

VOD

Have the link to the VOD?

Description

Time

  • Played on: Nov. 18, 2022, 1:20 p.m.
  • Length: 14:15

All games in this series

Show
View Real Time Build Order
Export as new Build Order

ShaDoWn Protoss 

Build Orders: 1 Gate Expand, Zealot Archon, Dark Templar Rush 

Get SALT Encoding   

  12  0:00  Probe  
  13  0:12  Probe  
  14  0:19  Pylon  
  14  0:24  Probe  
  15  0:37  Probe (Chrono Boost), Gateway  
  16  0:47  Probe (Chrono Boost), Assimilator  
  17  0:52  Probe (Chrono Boost)  
  18  1:03  Probe  
  20  1:25  Cybernetics Core  
  21  1:31  Nexus  
  19  1:37  Zealot (Chrono Boost)  
  21  1:46  Pylon  
  21  1:49  Probe  
  22  1:55  Assimilator  
  22  2:02  Adept (Chrono Boost), Probe  
  25  2:14  Probe  
  26  2:19  Warp Gate  
  26  2:23  Adept (Chrono Boost)  
  26  2:26  Probe  
  29  2:38  Probe  
  29  2:39  Twilight Council  
  29  2:44  Probe  
  29  2:50  Probe  
  30  2:54  Stalker (Chrono Boost)  
  30  2:56  Probe  
  33  3:02  Probe  
  34  3:08  Probe (Chrono Boost)  
  35  3:16  Dark Shrine  
  35  3:19  Probe (Chrono Boost)  
  37  3:20  Probe (Chrono Boost)  
  38  3:27  Gateway, Probe (Chrono Boost)  
  38  3:29  Probe (Chrono Boost)  
  39  3:34  Gateway, Probe  
  39  3:38  Probe  
  41  3:46  Probe  
  42  3:54  Probe, Pylon  
  41  3:58  Probe  
  40  4:06  Nexus, Probe  
  40  4:08  Stalker  
  43  4:10  Probe  
  44  4:18  Probe  
  44  4:23  Probe  
  44  4:28  Dark Templar  
  44  4:30  Probe  
  47  4:31  Dark Templar  
  47  4:35  Probe  
  47  4:36  Assimilator  
  47  4:37  Assimilator  
  49  4:42  Probe  
  49  4:45  Dark Templar  
  50  4:47  Probe  
  50  4:50  Charge (Chrono Boost), Pylon  
  49  4:54  Probe  
  49  4:59  Probe  
  51  5:02  Zealot  
  51  5:06  Probe, Pylon  
  54  5:07  Pylon  
  54  5:11  Probe  
  54  5:13  Gateway  
  55  5:19  Probe  
  55  5:20  Probe  
  57  5:22  Dark Templar  
  57  5:23  Zealot, Sentry  
  57  5:24  Probe  
  64  5:31  Shield Battery, Archon, Robotics Facility  
  64  5:37  Gateway  
  64  5:40  Probe (Chrono Boost)  
  65  5:47  Sentry  
  65  5:48  Probe (Chrono Boost), Gateway  
  65  5:49  Probe (Chrono Boost)  
  69  5:52  Probe (Chrono Boost)  
  69  5:54  Probe (Chrono Boost)  
  69  5:55  Probe  
  72  5:57  Zealot x2  
  76  6:09  Dark Templar  
  76  6:10  Dark Templar  
  80  6:15  Archon  
  80  6:16  Gateway  
  80  6:18  Pylon  
  80  6:20  Zealot x2  
  84  6:26  Observer (Chrono Boost)  
  84  6:27  Pylon  
  84  6:32  Pylon  
  85  6:36  Probe  
  86  6:40  Zealot x3, Pylon  
  86  6:43  Warp Prism (Chrono Boost)  
  86  6:46  Pylon  
  96  6:48  Zealot, Probe x2 (Chrono Boost), Stalker  
  96  6:50  Probe (Chrono Boost)  
  101  6:54  Blink (Chrono Boost)  
  101  6:56  Stalker  
  101  6:59  Assimilator  
  103  7:01  Probe (Chrono Boost)  
  103  7:03  Observer  
  103  7:04  Stalker x2  
  107  7:08  Zealot  
  107  7:13  Immortal (Chrono Boost)  
  107  7:14  Probe  
  110  7:17  Probe  
  115  7:25  Robotics Bay  
  115  7:30  Shield Battery  
  115  7:34  Pylon  
  115  7:37  Stalker  
  115  7:38  Pylon  
  115  7:41  Pylon  
  117  7:52  Probe, Pylon  
  114  7:58  Probe  
  114  7:59  Zealot x2, Stalker x4  
  118  8:07  Probe  
  118  8:08  Assimilator  
  118  8:09  Colossus (Chrono Boost)  
  118  8:12  Extended Thermal Lance  
  125  8:17  Zealot  
  124  8:23  Zealot x5  
  133  8:27  Assimilator  
  133  8:32  Forge x2  
  132  8:36  Pylon  
  132  8:40  Probe  
  133  8:46  Pylon  
  133  8:52  Pylon  
  133  8:54  Colossus (Chrono Boost)  
  137  9:09  Zealot x3  
  134  9:18  Nexus  
  134  9:19  Zealot x2, Pylon  
  134  9:21  Probe  
  139  9:31  Stalker x3  
  143  9:36  Stalker x2  
  143  9:37  Observer (Chrono Boost)  
  143  9:38  Protoss Ground Weapons Level 1, Protoss Ground Armor Level 1  
  148  9:40  Dark Templar  
  148  9:44  Zealot  
  152  9:47  Colossus (Chrono Boost)  
  154  9:54  Zealot x2, Observer  
  154  9:58  Zealot  
  156  10:05  Probe  
  156  10:07  Probe  
  154  10:10  Nexus  
  154  10:20  Shield Battery  
  154  10:22  Photon Cannon, Probe  
  155  10:32  Zealot  
  157  10:39  Robotics Facility  
  157  10:40  Pylon  
  157  10:46  Assimilator  
  157  10:50  Probe x2  
  157  10:55  Pylon  
  157  10:58  Probe  
  157  10:59  Colossus (Chrono Boost)  
  157  11:02  Probe  
  165  11:13  Probe x2  
  165  11:15  Probe  
  165  11:16  Photon Cannon  
  165  11:18  Photon Cannon  
  168  11:22  Dark Templar  
  168  11:25  Probe  
  170  11:28  Zealot x4  
  181  11:33  Disruptor (Chrono Boost), Probe  
  181  11:36  Disruptor (Chrono Boost)  
  181  11:38  Gateway  
  185  11:41  Gateway x2  
  169  11:58  Pylon  
  169  12:00  Pylon  
  160  12:02  Pylon  
  160  12:06  Pylon  
  160  12:07  Pylon x2  
  158  12:17  Disruptor (Chrono Boost), Probe  
  158  12:19  Disruptor (Chrono Boost)  
  160  12:24  Pylon  
  160  12:28  Nexus  
  160  12:38  Dark Templar x4  
  160  12:40  Disruptor (Chrono Boost)  
  160  12:41  Dark Templar  
  169  12:55  Disruptor (Chrono Boost)  
  150  13:07  Disruptor (Chrono Boost)  
  153  13:22  Nexus  
  153  13:27  Disruptor (Chrono Boost)  
  153  13:29  Probe  
  147  13:34  Probe  
  147  13:38  Zealot  
  147  13:39  Disruptor (Chrono Boost), Sentry  
  142  14:02  Probe  
  119  14:04  Zealot x8  
Show
View Real Time Build Order
Export as new Build Order

Kelazhur Terran - Winner!

Build Orders: Gas First Reaper Expand 

Get SALT Encoding   

  12  0:00  SCV  
  13  0:12  SCV  
  14  0:17  Supply Depot  
  14  0:24  SCV  
  15  0:28  Refinery  
  15  0:38  SCV  
  16  0:45  Barracks  
  16  0:50  SCV  
  17  1:03  SCV  
  18  1:07  Engineering Bay  
  18  1:15  SCV  
  19  1:32  Reaper, Orbital Command  
  20  1:47  Command Center  
  20  1:58  Factory  
  20  2:02  SCV  
  20  2:06  Barracks Reactor  
  21  2:11  Supply Depot  
  21  2:14  SCV  
  22  2:26  SCV  
  22  2:29  Refinery  
  23  2:38  SCV  
  23  2:43  Factory Tech Lab  
  24  2:44  Marine x2  
  24  2:50  SCV  
  27  2:59  Orbital Command  
  27  3:01  Cyclone  
  27  3:02  SCV  
  31  3:06  Marine  
  31  3:09  Reaper  
  32  3:14  SCV  
  32  3:15  Orbital Command  
  33  3:20  Barracks  
  33  3:24  Marine  
  33  3:26  SCV  
  38  3:36  Siege Tank  
  38  3:39  SCV, Barracks  
  39  3:45  SCV  
  39  3:47  Marine x2  
  42  3:53  SCV  
  43  3:57  SCV  
  44  4:04  Supply Depot  
  44  4:05  SCV  
  44  4:07  Engineering Bay  
  44  4:09  SCV  
  46  4:17  Factory Tech Lab  
  46  4:24  SCV  
  46  4:25  Stimpack  
  46  4:26  SCV, Marine x3  
  50  4:34  Supply Depot  
  50  4:36  SCV  
  50  4:37  Missile Turret  
  50  4:38  SCV  
  51  4:46  Marine x2  
  51  4:48  SCV  
  51  4:50  SCV  
  54  4:55  Combat Shield  
  54  5:01  Supply Depot, SCV, Marine x2  
  54  5:03  SCV, Factory Reactor, Starport  
  58  5:08  Marine x2  
  58  5:11  Terran Infantry Weapons Level 1  
  58  5:13  SCV  
  61  5:15  SCV  
  62  5:23  Marauder x2  
  62  5:28  Supply Depot  
  66  5:29  Marine x2  
  66  5:30  Refinery  
  66  5:34  SCV x2  
  70  5:40  Supply Depot  
  70  5:49  SCV, Marauder  
  75  5:50  Marauder  
  75  5:51  Marine x2  
  77  6:01  Medivac  
  77  6:02  SCV, Medivac  
  81  6:11  Marauder x2, Factory Reactor  
  84  6:13  SCV  
  84  6:16  Supply Depot  
  84  6:17  Marine  
  84  6:18  Supply Depot, Concussive Shells  
  86  6:30  Command Center  
  86  6:34  Supply Depot  
  86  6:37  Marine  
  86  6:38  Marauder  
  86  6:39  Medivac  
  91  6:40  Medivac, Marine  
  91  6:41  Marauder  
  96  6:48  SCV  
  96  6:49  SCV  
  96  6:51  Refinery, Widow Mine x2  
  102  6:54  Supply Depot  
  102  7:03  Marauder x2, Marine x2  
  102  7:07  Supply Depot  
  102  7:08  SCV x2  
  110  7:16  Medivac, Widow Mine x2  
  116  7:26  SCV  
  116  7:28  Barracks, Marine  
  116  7:29  Barracks, Marauder  
  120  7:32  Marauder  
  120  7:36  Supply Depot  
  122  7:41  Widow Mine x2  
  126  7:45  Marine  
  126  7:47  SCV x2  
  129  8:00  Marauder  
  129  8:06  Marauder, Marine x2  
  129  8:07  Terran Infantry Armor Level 1  
  129  8:09  SCV x2  
  129  8:10  Armory, Orbital Command  
  124  8:24  Marauder  
  124  8:25  Barracks Reactor, SCV x2, Barracks Tech Lab  
  128  8:27  Missile Turret  
  128  8:33  Medivac x2  
  130  8:34  Marauder, Marine x2  
  130  8:38  Engineering Bay, SCV x2  
  137  8:41  SCV  
  137  8:46  Supply Depot  
  137  8:47  Marauder  
  141  8:48  Marauder  
  141  8:50  Widow Mine  
  141  8:52  Widow Mine  
  144  9:07  Marauder  
  141  9:11  Marauder  
  141  9:15  Marauder  
  141  9:16  Medivac x2  
  140  9:17  Widow Mine x2, Marine x4  
  140  9:20  Ghost Academy, SCV  
  140  9:21  Refinery x2  
  150  9:29  Marauder  
  152  9:31  Supply Depot  
  152  9:35  Terran Infantry Weapons Level 2  
  152  9:37  Marine  
  152  9:38  Marauder, Marine  
  154  9:40  Supply Depot  
  154  9:47  Marine  
  154  9:48  Marauder  
  154  9:50  Command Center  
  154  9:52  Ghost  
  157  9:58  Ghost  
  155  10:02  Marine  
  155  10:03  Marine x2  
  155  10:05  Marine  
  155  10:06  Terran Infantry Armor Level 2  
  144  10:08  Ghost  
  144  10:12  SCV x2  
  148  10:18  Missile Turret  
  148  10:19  Widow Mine  
  148  10:20  Widow Mine  
  152  10:22  Marauder  
  152  10:25  Marine x2  
  152  10:26  Marine x2  
  158  10:29  Ghost  
  159  10:37  Ghost  
  159  10:40  Widow Mine  
  159  10:42  Marine  
  159  10:43  Viking x2  
  159  10:45  Supply Depot  
  164  10:51  Marine x2  
  162  10:59  Marauder, Marine x2  
  162  11:03  Ghost  
  168  11:05  Widow Mine x2  
  168  11:08  SCV x2  
  174  11:13  Viking x2  
  174  11:15  Marine x2  
  174  11:17  Ghost  
  182  11:18  Planetary Fortress  
  182  11:20  SCV x2  
  182  11:21  Supply Depot  
  182  11:23  Missile Turret  
  184  11:27  Marine x2, Ghost  
  184  11:31  SCV  
  184  11:32  SCV, Marine  
  191  11:37  Enhanced Shockwaves  
  191  11:39  Supply Depot  
  190  11:42  Marine x2  
  190  11:46  Marauder  
  191  11:50  Marauder, Marine  
  190  11:56  SCV, Marauder  
  190  11:57  SCV  
  191  12:02  Viking x2  
  191  12:07  Marauder  
  196  12:09  SCV x2  
  196  12:12  Marauder  
  198  12:18  Marauder  
  195  12:23  SCV x3  
  195  12:28  Marine x2  
  195  12:29  Marine  
  199  12:40  Barracks  
  199  12:41  Barracks  
  199  12:42  Barracks  
  199  13:01  Viking x2, Ghost x2  
  199  13:02  Marine x2  
  199  13:03  Ghost  
  188  13:09  Starport  
  188  13:12  Factory Reactor  
  188  13:13  Marine x2  
  188  13:20  Marine x2  
  188  13:23  Refinery x2  
  188  13:25  Command Center  
  190  13:31  Marauder x2  
  190  13:33  Marauder  
  180  13:35  Viking x2  
  180  13:38  Barracks Reactor, Barracks Tech Lab x2  
  180  13:44  SCV x2  
  180  13:45  SCV  
  182  13:52  Marauder x2  
Tags
 
Add a new tag
Caveats
  • Supply blocks, unpowered buildings, or Contaminate may cause inaccurate times.
  • Supply counts are checked every 10 seconds.